AoeStats
← Sid

Arabia

507683573Analyzed
2v2 RM · 14d ago on Sep 19, 2026· 21m 7s· 4 players
Game mode
Random Map
Map size
Medium (4 player)
Population
200
Speed
Normal
Resources
Standard
Victory
Conquest
Starting age
Dark Age
Ending age
Imperial Age
RankedLock teamsTeams togetherTeam positionsShared explorationLock speedFull tech treeHidden civsTurbo modeCheats
Victory
Defeat
🇯🇵 Ethiopians · Japan
1343
+11
🇯🇵 Jurchens · Japan
1298
+13
🇧🇪 Koreans · Belgium
1247
-13
🇨🇳 Berbers · China
1207
-11
krodax
9:46 Feudal Age
10:22 Double-Bit Axe
14:53 Fletching
18:44 Loom
Doulieba
8:25 Loom
10:11 Feudal Age
12:54 Double-Bit Axe
17:08 Wheelbarrow
17:35 Town Watch
20:51 Castle Age
19:36 Horse Collar
fumin.jp
6:49 Loom
9:27 Feudal Age
10:06 Double-Bit Axe
16:24 Fletching
16:35 Padded Archer Armor
23:41 Castle Age
Sid
6:43 Loom
9:00 Feudal Age
9:51 Double-Bit Axe
12:48 Wheelbarrow
14:22 Horse Collar
17:34 Scale Barding Armor
18:03 Forging
Connection lost

Rejoining the realm…

Still unreachable

The connection could not be restored.

Session expired

The server has moved on; the page needs a fresh start.